 Dungeon Crawl Stone Soup version 0.30-a0-840-ga523dec638 (webtiles) character file.

Game seed: 17650942514878343112

237 browni3141 the Trooper (level 5, -4/57 HPs)
             Began as a Troll Fighter on Mar 2, 2023.
             Slain by Pikel
             ... wielding a +2 whip of flaming
              (7 damage)
             ... on level 4 of the Dungeon.
             The game lasted 00:03:52 (2442 turns).

browni3141 the Trooper (Troll Fighter)              Turns: 2442, Time: 00:03:53

Health: -4/57      AC:  4    Str: 26    XL:     5   Next: 77%
Magic:  4/4        EV:  8    Int:  4    God:
Gold:   282        SH:  7    Dex:  9    Spells: 4/4 levels left

rFire   . . .      SeeInvis .      - Unarmed
rCold   . . .      Faith    .    b - +0 kite shield
rNeg    . . .      Spirit   .    a - +0 robe
rPois   .          Reflect  .    (helmet restricted)
rElec   .          Harm     .    (no cloak)
rCorr   .          Rampage  .    (gloves unavailable)
Will    .....                    (boots unavailable)
Stlth   +                        (no amulet)
HPRegen 1.09/turn                m - ring of flight
MPRegen 0.09/turn                (no ring)

@: mighty, flying
A: large, unfitting armour, claws 3, regeneration 1, shaggy fur 1, tough skin 1
a: no special abilities


You were on level 4 of the Dungeon.
You visited 1 branch of the dungeon, and saw 4 of its levels.

You collected 282 gold pieces.

Inventory:

Armour
 a - a +0 robe (worn)
 b - a +0 kite shield (worn)
Jewellery
 m - a ring of flight (left claw)
Wands
 k - a wand of flame (27)
Scrolls
 d - 2 scrolls of vulnerability {unknown}
 e - a scroll of magic mapping {unknown}
 g - 3 scrolls of identify {unknown}
 i - a scroll of fear {unknown}
 l - 2 scrolls of teleportation {unknown}
 n - 2 scrolls of amnesia {unknown}
Potions
 f - 3 potions of curing {unknown}
 h - a potion of flight {unknown}
 j - a potion of mutation {unknown}
 o - a potion of degeneration {unknown}
 q - a potion of attraction {unknown}


   Skills:
 + Level 5.4 Fighting
 - Level 2.4 Dodging
 - Level 2.6 Shields
 - Level 2.0 Unarmed Combat


You had 4 spell levels left.
You didn't know any spells.
Your spell library was empty.

Dungeon Overview and Level Annotations

Branches:
Dungeon (4/15)
 Temple: D:4-7

Altars:
Trog
Wu Jian

Annotations:
D:4 Pikel


Innate Abilities, Weirdness & Mutations

You are too large for most types of armour.
You have claws for hands.
Your natural rate of healing is unusually fast.
You are covered in fur. (AC +1)
You have tough skin. (AC +1)


Message History

Pikel is heavily wounded.
Pikel struggles against the net.
The net rips apart, and Pikel comes free!
You barely miss Pikel.
Pikel is heavily wounded.
Pikel barely misses you.
You feel very mighty all of a sudden.
Pikel hits you with a +2 whip of flaming!
Pikel burns you.
You claw Pikel!
Pikel is severely wounded.
Pikel hits you with a +2 whip of flaming!
* * * LOW HITPOINT WARNING * * *
Pikel burns you.
* * * LOW HITPOINT WARNING * * *
You barely miss Pikel.
Pikel is severely wounded.
Pikel hits you with a +2 whip of flaming.
* * * LOW HITPOINT WARNING * * *
Pikel burns you.
* * * LOW HITPOINT WARNING * * *
You closely miss Pikel.
Pikel is severely wounded.
Pikel hits you with a +2 whip of flaming.
* * * LOW HITPOINT WARNING * * *
Pikel burns you.
* * * LOW HITPOINT WARNING * * *
You closely miss Pikel.
Pikel is severely wounded.
Pikel hits you with a +2 whip of flaming.
* * * LOW HITPOINT WARNING * * *
Pikel burns you.
* * * LOW HITPOINT WARNING * * *
You scratch Pikel.
Pikel is almost dead.
You block Pikel's attack.
You scratch Pikel.
Pikel is almost dead.
Pikel hits you with a +2 whip of flaming!
You die...

#.....#...........5#######...####
....##)).######.##..######.......
###.#)..## .. ##......#.#.####
#.#)..#####.#####......#.#.#
##...##......#....5.....#...##
#.......######5###......###..##
#..#.#.### ##5# ######## #...#
#.##.#.# ##5K######## #...##
#.##...### #..#@....... ##....
#........####.##########.####.###
#...####..##..# #....#.# # ....
##.##.## #...# # ... #.#..# ###.#
# .. #...## #.# # .. ##### #.# #
### #


You could see Pikel and 3 lemures.

Vanquished Creatures
  Jessica (D:3)
  2 iguanas (D:4)
  Ijyb (D:4)
  An orc wizard (D:4)
  4 adders
  An ufetubus (D:4)
  2 dart slugs
  5 orcs
  7 ball pythons
  5 endoplasms
  3 giant cockroaches
  3 goblins
  7 hobgoblins
  2 jackals (D:3)
  3 kobolds
  3 quokkas
  3 bats
  3 frilled lizards
  5 rats
61 creatures vanquished.

Notes
Turn   | Place    | Note
-------+----------+-------------------------------------------
     0 | D:1      | browni3141 the Troll Fighter began the quest for the Orb.
     0 | D:1      | Reached XP level 1. HP: 22/22 MP: 0/0
   295 | D:1      | Reached XP level 2. HP: 29/29 MP: 1/1
   299 | D:1      | Reached skill level 3 in Fighting
   346 | D:1      | Found a faded altar of an unknown god.
   898 | D:2      | Found an ornate altar of the Wu Jian Council.
  1076 | D:2      | Reached XP level 3. HP: 37/37 MP: 2/2
  1406 | D:3      | Noticed Jessica
  1412 | D:3      | Killed Jessica
  1413 | D:3      | Reached skill level 4 in Fighting
  1413 | D:3      | Reached XP level 4. HP: 48/48 MP: 3/3
  2101 | D:4      | Noticed a lemure
  2101 | D:4      | Noticed a lemure
  2104 | D:4      | Noticed Pikel
  2107 | D:4      | Noticed a lemure
  2191 | D:4      | Noticed Ijyb
  2201 | D:4      | Killed Ijyb
  2241 | D:4      | Found a bloodstained altar of Trog.
  2263 | D:4      | Reached XP level 5. HP: 48/55 MP: 4/4
  2293 | D:4      | Reached skill level 5 in Fighting
  2406 | D:4      | Noticed a lemure
  2440 | D:4      | HP: 2/57 [Pikel/+2 whip of flaming (5)]
  2442 | D:4      | Slain by Pikel

Illustrated notes

Levels and vault maps discovered:
D:1:      nagdon_arrival_double_spiral, layout_loops_ring,
          chequers_ecumenical_altar_simple_redux
D:2:      layout_basic, basic_altar
D:3:      layout_basic, uniq_jessica
D:4:      layout_rooms, bloody_trog, uniq_pikel, uniq_grinder, uniq_menkaure,
          uniq_ijyb

Skill      XL: |  1  2  3  4  5 |
---------------+----------------+-----
Fighting       | 3 4 5 |  5.4
Dodging        | |  2.4
Shields        | |  2.6
Unarmed Combat | |  2.0

Action                     |  1- 3 |  4- 6 || total
---------------------------+-------+-------++-------
  Melee: Unarmed           |   116 |   102 ||   218
  Throw: Throwing net      |       |     1 ||     1
    Use: Potion            |       |     1 ||     1
   Stab: Sleeping          |     1 |       ||     1
 Armour: Robe              |    47 |    24 ||    71
  Dodge: Dodged            |    30 |    25 ||    55
  Block: Kite shield       |    33 |    28 ||    61

Table legend: (Time is in decaauts)
 A = Elapsed time spent in this place.
 B = Non-inter-level travel time spent in this place.
 C = Inter-level travel time spent in this place.
 D = Time resting spent in this place.
 E = Time spent auto-exploring this place.
 F = Levels seen in this place.
 G = Mean time per level.
                   A        B        C        D        E       F      G
               +--------+--------+--------+--------+--------+-----+--------+
         Total |   2462 |   2346 |    116 |      4 |   1824 |   4 |  615.5 |
       Dungeon |   2462 |   2346 |    116 |      4 |   1824 |   4 |  615.5 |
               +--------+--------+--------+--------+--------+-----+--------+

Top non-repeatable levels by time:
     D:3: 1006 daAuts
     D:1: 730 daAuts
     D:2: 426 daAuts
     D:4: 298 daAuts
